 Dungeon Crawl Stone Soup version 0.28-a0-1524-ge72afd5fc6 (webtiles) character file.

Game seed: 14655424479769420423

8 knot the Chopper (level 2, 19/24 HPs)
             Began as a Demonspawn Berserker on Jan 18, 2022.
             Was a Follower of Trog.
             Quit the game on level 1 of the Dungeon.
             The game lasted 00:00:22 (759 turns).

knot the Chopper (Demonspawn Berserker)              Turns: 759, Time: 00:00:23

Health: 19/24      AC:  2    Str: 17    XL:     2   Next: 0%
Magic:  2/2        EV: 12    Int:  8    God:    Trog [*.....]
Gold:   0          SH:  0    Dex: 12    Spells: 1/1 levels left

rFire   . . .      SeeInvis .   a - +0 hand axe
rCold   . . .      Faith    .   (no shield)
rNeg    . . .      Spirit   .   b - +0 animal skin
rPois   .          Reflect  .   (no helmet)
rElec   .          Harm     .   (no cloak)
rCorr   .          Rampage  .   (no gloves)
Will    .....                   (no boots)
Stlth   +.........              (no amulet)
HPRegen 0.08/turn               (no ring)
MPRegen 0.08/turn               (no ring)

@: no status effects
A: hooves 1
a: Renounce Religion, Berserk


You were on level 1 of the Dungeon.
You worshipped Trog.
Trog was aware of your devotion.
You visited 1 branch of the dungeon, and saw 1 of its levels.

Inventory:

Hand Weapons
 a - a +0 hand axe (weapon)
Armour
 b - a +0 animal skin (worn)


   Skills:
 - Level 3.0 Fighting
 + Level 3.2 Axes
 - Level 1.7 Armour
 - Level 1.7 Dodging


You had one spell level left.
You didn't know any spells.
Your spell library was empty.

Dungeon Overview and Level Annotations

Branches:
Dungeon (1/15)

Altars:


Innate Abilities, Weirdness & Mutations

You have large cloven feet.


Message History

The hobgoblin closely misses you.
You hit the hobgoblin but do no damage. The bat closely misses you.
The hobgoblin closely misses you. x2
You slash the hobgoblin!
You kill the hobgoblin!
Trog accepts your kill. The bat closely misses you.
You barely miss the bat. The bat barely misses you.
You hit the bat.
You kill the bat!
Trog accepts your kill.
No target in view!
No target in view!
No target in view!
Key pressed, stopping explore.
No target in view!
HP restored.
You see here a hobgoblin corpse.
A frilled lizard comes into view.
Found an escape hatch in the floor.
A frilled lizard is nearby!
The frilled lizard hisses angrily.
Found a stone staircase leading down.
The frilled lizard bites you.
You barely miss the frilled lizard. The frilled lizard closely misses you.
You miss the frilled lizard.
The frilled lizard completely misses you.
You closely miss the frilled lizard. The frilled lizard barely misses you.
You miss the frilled lizard. The frilled lizard bites you.
You barely miss the frilled lizard.
The frilled lizard bites you but does no damage.
You barely miss the frilled lizard. The frilled lizard misses you.
The frilled lizard bites you but does no damage.
You hit the frilled lizard.
You kill the frilled lizard!
Trog accepts your kill.
You have reached level 2!
Your demonic ancestry asserts itself...
Your feet thicken and deform.
Are you sure you want to abandon this character and quit the game? (Confirm with "yes".)

#..#+#
#.#####.....###..#
#... #.### ##._.##
##.# #...
#...###.....####.#
####
#....#...#...#...#
#.......###......#
##...#..## ##..##.#
#...###†.###..###..
#.#...>#....#####
### #...@........#
##......[....#
#...######### ##..#
....# ....>#
......# ......#


There were no monsters in sight!

Vanquished Creatures
  2 bats (D:1)
  2 hobgoblins (D:1)
  2 ball pythons (D:1)
  3 frilled lizards (D:1)
9 creatures vanquished.

Notes
Turn   | Place    | Note
-------+----------+-------------------------------------------
     0 | D:1      | knot the Demonspawn Berserker began the quest for the Orb.
     0 | D:1      | Reached XP level 1. HP: 18/18 MP: 1/1
    31 | D:1      | Found a faded altar of an unknown god.
   759 | D:1      | Gained mutation: You have large cloven feet. [demonic
                  | ancestry]
   759 | D:1      | Reached XP level 2. HP: 19/24 MP: 2/2
   759 | D:1      | Quit the game

Illustrated notes

Levels and vault maps discovered:
D:1:      dpeg_arrival_tiny_c, layout_basic, nicolae_ecumenical_snake_handling,
          minivault_19

Skill      XL: |  1 |
---------------+----+-----
Axes           | 3 |  3.2
Fighting       | |  3.0
Armour         | |  1.7
Dodging        | |  1.7

Action                   || total
-------------------------++-------
Melee: Hand axe          ||    37
Armor: Animal skin       ||     6
Dodge: Dodged            ||    36

Table legend: (Time is in decaauts)
 A = Elapsed time spent in this place.
 B = Non-inter-level travel time spent in this place.
 C = Inter-level travel time spent in this place.
 D = Time resting spent in this place.
 E = Time spent auto-exploring this place.
 F = Levels seen in this place.
 G = Mean time per level.
                   A        B        C        D        E       F      G
               +--------+--------+--------+--------+--------+-----+--------+
         Total |    764 |    764 |      0 |    464 |    232 |   1 |  764.0 |
       Dungeon |    764 |    764 |      0 |    464 |    232 |   1 |  764.0 |
               +--------+--------+--------+--------+--------+-----+--------+

Top non-repeatable levels by time:
     D:1: 764 daAuts
